General information
- name: BNet
- type: Ladder team game (AT/RT)
- host: Battle.net
- saver: WHY-BIZZ-WHY
map: Deathknell
- players: 8
- length: 27:02
- speed: Fast
- version: 1.28 W3XP
- replay type: Public
» download(291 KB)
Players
team 1 (winner)
Kbilly (
blue | 67 APM | 1818 actions | 27:00)
5 Blademaster
2 Wind Walk
3 Critical Strike
4 Shadow Hunter
2 Hex
2 Healing Wave
3 Tauren Chieftain
2 Endurance Aura
1 War Stomp
» actions
| Assign group hotkey | 45 | |
| Basic commands | 56 | |
| Build / train | 90 | |
| ESC pressed | 2 | |
| Enter build submenu | 21 | |
| Enter hero's abilities submenu | 12 | |
| Right click | 587 | |
| Select / deselect | 257 | |
| Select group hotkey | 571 | |
| Use ability | 177 | |
1818 total
» units
| Peon | 9 | |
| Grunt | 6 | |
| Spirit Walker | 4 | |
| Raider | 5 | |
| Goblin Shredder | 1 | |
| Kodo Beast | 4 | |
| Troll Witch Doctor | 3 | |
32 total
» upgrades
| Ensnare | 1 | |
| Spirit Walker Training | 3 | |
| Pillage | 1 | |
| Melee Weapons | 3 | |
| Armor | 3 | |
| Reinforced Defenses | 1 | |
| Witch Doctor Training | 2 | |
| War Drums Damage Increase | 1 | |
| Berserker Strength | 1 | |
| Spiked Barricades | 1 | |
17 total
» buildings
| Altar of Storms | 1 | |
| Orc Burrow | 7 | |
| Barracks | 1 | |
| Voodoo Lounge | 2 | |
| Stronghold | 2 | |
| War Mill | 1 | |
| Spirit Lodge | 1 | |
| Beastiary | 1 | |
| Watch Tower | 5 | |
| Fortress | 1 | |
| Great Hall | 2 | |
24 total
» build order
00:06 Altar of Storms
00:22 Orc Burrow
00:35 Barracks
01:37 Voodoo Lounge
02:25 Stronghold
02:25 Stronghold
02:42 Orc Burrow
03:14 War Mill
04:55 Spirit Lodge
04:57 Beastiary
05:04 Orc Burrow
06:03 Watch Tower
06:40 Orc Burrow
09:33 Fortress
10:24 Watch Tower
10:26 Watch Tower
12:10 Orc Burrow
12:10 Orc Burrow
16:26 Watch Tower
16:26 Watch Tower
19:45 Orc Burrow
19:47 Voodoo Lounge
22:41 Great Hall
26:31 Great Hall
» items
| Healing Salve | 8 | |
| Scroll of Speed | 3 | |
| Scroll of Town Portal | 4 | |
| Lesser Clarity Potion | 3 | |
| Potion of Mana | 2 | |
| Orb of Lightning | 1 | |
| Tiny Great Hall | 1 | |
22 total

»
Spring_Water (
purple | 56 APM | 1516 actions | 27:00)
5 Tauren Chieftain
3 Shockwave
2 Endurance Aura
3 Shadow Hunter
2 Healing Wave
1 Hex
2 Far Seer
1 Feral Spirit
1 Far Sight
» actions
| Assign group hotkey | 42 | |
| Basic commands | 47 | |
| Build / train | 106 | |
| ESC pressed | 2 | |
| Enter build submenu | 21 | |
| Enter hero's abilities submenu | 10 | |
| Give item / drop item | 1 | |
| Remove unit from queue | 3 | |
| Right click | 748 | |
| Select / deselect | 282 | |
| Select group hotkey | 144 | |
| Use ability | 110 | |
1516 total
» units
| Peon | 24 | |
| Grunt | 6 | |
| Troll Batrider | 1 | |
| Shaman | 9 | |
| Kodo Beast | 4 | |
| Troll Witch Doctor | 9 | |
| Raider | 2 | |
| Tauren | 4 | |
| Spirit Walker | 2 | |
| Troll Headhunter/Berserker | 1 | |
62 total
» upgrades
| Pillage | 1 | |
| Shaman Training | 2 | |
| Witch Doctor Training | 2 | |
| Pulverize | 1 | |
| Melee Weapons | 1 | |
| Armor | 1 | |
| Ranged Weapons | 1 | |
9 total
» buildings
| Altar of Storms | 1 | |
| Orc Burrow | 9 | |
| Barracks | 1 | |
| Voodoo Lounge | 1 | |
| War Mill | 1 | |
| Stronghold | 1 | |
| Watch Tower | 5 | |
| Spirit Lodge | 1 | |
| Beastiary | 1 | |
| Great Hall | 1 | |
| Fortress | 1 | |
| Tauren Totem | 2 | |
25 total
» build order
00:20 Altar of Storms
00:35 Orc Burrow
00:50 Barracks
01:38 Voodoo Lounge
01:57 Orc Burrow
02:45 War Mill
02:55 Orc Burrow
03:41 Orc Burrow
04:43 Stronghold
04:46 Watch Tower
04:49 Watch Tower
06:09 Watch Tower
07:35 Spirit Lodge
07:42 Beastiary
08:13 Great Hall
08:21 Fortress
08:29 Watch Tower
08:29 Watch Tower
09:46 Orc Burrow
09:46 Orc Burrow
13:28 Orc Burrow
15:51 Tauren Totem
15:52 Tauren Totem
16:47 Orc Burrow
18:48 Orc Burrow
» items
| Healing Salve | 6 | |
| Lesser Clarity Potion | 3 | |
| Scroll of Town Portal | 3 | |
| Orb of Lightning | 2 | |
| Potion of Healing | 1 | |
15 total

»
monkeykiller (
orange | 107 APM | 2882 actions | 27:00)
7 Blademaster
3 Wind Walk
3 Critical Strike
1 Bladestorm
» actions
| Assign group hotkey | 48 | |
| Build / train | 68 | |
| Enter build submenu | 41 | |
| Enter hero's abilities submenu | 7 | |
| Right click | 1366 | |
| Select / deselect | 398 | |
| Select group hotkey | 769 | |
| Use ability | 185 | |
2882 total
» units
| Peon | 16 | |
| Raider | 18 | |
| Troll Batrider | 3 | |
37 total
» upgrades
| Ensnare | 1 | |
| Melee Weapons | 2 | |
| Pillage | 1 | |
| Armor | 2 | |
| Ranged Weapons | 1 | |
| Reinforced Defenses | 1 | |
8 total
» buildings
| Orc Burrow | 8 | |
| Altar of Storms | 1 | |
| War Mill | 1 | |
| Voodoo Lounge | 1 | |
| Watch Tower | 22 | |
| Stronghold | 1 | |
| Beastiary | 3 | |
| Great Hall | 2 | |
| Fortress | 1 | |
40 total
» build order
00:28 Orc Burrow
00:43 Altar of Storms
01:23 War Mill
01:33 Voodoo Lounge
01:52 Orc Burrow
02:53 Watch Tower
03:08 Watch Tower
03:09 Watch Tower
03:21 Orc Burrow
04:02 Stronghold
04:11 Watch Tower
04:22 Watch Tower
05:30 Watch Tower
06:03 Orc Burrow
06:35 Beastiary
06:42 Great Hall
07:00 Beastiary
07:04 Beastiary
07:40 Orc Burrow
07:57 Orc Burrow
08:22 Watch Tower
10:48 Watch Tower
11:57 Watch Tower
12:15 Fortress
13:16 Watch Tower
16:18 Watch Tower
17:40 Watch Tower
19:34 Watch Tower
19:35 Watch Tower
19:36 Watch Tower
19:38 Orc Burrow
20:52 Orc Burrow
20:58 Watch Tower
22:42 Great Hall
22:45 Watch Tower
22:45 Watch Tower
22:46 Watch Tower
22:46 Watch Tower
22:48 Watch Tower
22:49 Watch Tower
» items
| Healing Salve | 4 | |
| Lesser Clarity Potion | 2 | |
| Potion of Healing | 4 | |
| Scroll of Town Portal | 1 | |
| Scroll of Speed | 1 | |
| Orb of Lightning | 1 | |
13 total
WHY-BIZZ-WHY (
teal | 66 APM | 1797 actions | 27:02)
2 Blademaster
1 Wind Walk
1 Critical Strike
» actions
| Assign group hotkey | 23 | |
| Basic commands | 65 | |
| Build / train | 48 | |
| Enter build submenu | 7 | |
| Enter hero's abilities submenu | 2 | |
| Remove unit from queue | 2 | |
| Right click | 933 | |
| Select / deselect | 148 | |
| Select group hotkey | 516 | |
| Use ability | 53 | |
1797 total
» units
» upgrades
| Ranged Weapons | 3 | |
| Liquid Fire | 1 | |
| Reinforced Defenses | 1 | |
5 total
» buildings
| Altar of Storms | 1 | |
| Orc Burrow | 4 | |
| Voodoo Lounge | 1 | |
| Stronghold | 1 | |
| War Mill | 1 | |
| Fortress | 1 | |
| Beastiary | 2 | |
11 total
» build order
00:07 Altar of Storms
00:17 Orc Burrow
00:49 Voodoo Lounge
02:04 Stronghold
02:22 Orc Burrow
02:23 Orc Burrow
02:24 Orc Burrow
03:57 War Mill
04:38 Fortress
05:31 Beastiary
05:33 Beastiary
» items
| Healing Salve | 2 | |
| Lesser Clarity Potion | 3 | |
5 total
team 2 (loser)

»
wombat (
yellow | 81 APM | 1739 actions | 21:25)
5 Archmage
3 Summon Water Elemental
2 Brilliance Aura
6 Mountain King
3 Storm Bolt
3 Thunder Clap
2 Paladin
1 Holy Light
1 Divine Shield
» actions
| Assign group hotkey | 52 | |
| Basic commands | 114 | |
| Build / train | 80 | |
| ESC pressed | 4 | |
| Enter build submenu | 39 | |
| Enter hero's abilities submenu | 11 | |
| Give item / drop item | 1 | |
| Right click | 270 | |
| Select / deselect | 357 | |
| Select group hotkey | 719 | |
| Use ability | 92 | |
1739 total
» units
| Peasant | 17 | |
| Rifleman | 11 | |
| Priest | 5 | |
| Mortar Team | 5 | |
38 total
» upgrades
| Long Rifles | 1 | |
| Lumber Harvesting | 1 | |
| Priest Training | 2 | |
| Gunpowder | 3 | |
| Armor | 2 | |
| Fragmentation Shards | 1 | |
10 total
» buildings
| Farm | 15 | |
| Barracks | 2 | |
| Blacksmith | 1 | |
| Scout Tower | 9 | |
| Altar of Kings | 1 | |
| Arcane Tower | 2 | |
| Lumber Mill | 1 | |
| Guard Tower | 4 | |
| Keep | 1 | |
| Arcane Vault | 2 | |
| Town Hall | 2 | |
| Arcane Sanctum | 1 | |
| Workshop | 3 | |
| Castle | 1 | |
45 total
» build order
01:02 Farm
01:11 Barracks
01:13 Blacksmith
01:17 Barracks
01:24 Scout Tower
01:41 Farm
01:54 Altar of Kings
02:07 Arcane Tower
02:23 Scout Tower
02:31 Farm
03:00 Lumber Mill
03:07 Farm
03:52 Farm
04:05 Guard Tower
04:35 Keep
05:02 Arcane Vault
05:03 Scout Tower
05:04 Scout Tower
05:05 Scout Tower
05:33 Guard Tower
05:33 Arcane Tower
06:01 Town Hall
06:43 Scout Tower
07:19 Guard Tower
07:27 Farm
08:08 Arcane Sanctum
08:44 Workshop
08:45 Workshop
08:50 Workshop
09:34 Farm
09:35 Farm
09:35 Farm
09:37 Farm
10:13 Arcane Vault
10:50 Scout Tower
10:50 Scout Tower
11:01 Farm
11:46 Farm
11:47 Guard Tower
12:02 Farm
13:17 Castle
18:31 Farm
18:31 Farm
19:47 Scout Tower
20:22 Town Hall
» items
| Scroll of Regeneration | 2 | |
| Lesser Clarity Potion | 1 | |
| Potion of Healing | 2 | |
| Scroll of Town Portal | 2 | |
| Staff of Sanctuary | 1 | |
8 total

»
ThugMasTeR (
red | 45 APM | 1226 actions | 27:00)
2 Death Knight
1 Death Coil
1 Unholy Aura
1 Lich
1 Frost Nova
1 Crypt Lord
1 Impale
» actions
| Assign group hotkey | 33 | |
| Build / train | 58 | |
| Enter build submenu | 37 | |
| Enter hero's abilities submenu | 4 | |
| Give item / drop item | 2 | |
| Right click | 485 | |
| Select / deselect | 339 | |
| Select group hotkey | 199 | |
| Use ability | 69 | |
1226 total
» units
| Acolyte | 12 | |
| Ghoul | 4 | |
| Crypt Fiend | 5 | |
21 total
» upgrades
| Creature Attack | 2 | |
| Web | 1 | |
| Creature Carapace | 2 | |
5 total
» buildings
| Crypt | 1 | |
| Graveyard | 1 | |
| Ziggurat | 19 | |
| Altar of Darkness | 1 | |
| Tomb of Relics | 2 | |
| Nerubian Tower | 2 | |
| Halls of the Dead | 1 | |
| Spirit Tower | 12 | |
| Necropolis | 1 | |
| Black Citadel | 1 | |
| Sacrificial Pit | 1 | |
| Boneyard | 1 | |
43 total
» build order
00:12 Crypt
00:22 Graveyard
00:56 Ziggurat
01:45 Altar of Darkness
02:03 Ziggurat
02:45 Tomb of Relics
03:32 Ziggurat
05:52 Nerubian Tower
07:52 Ziggurat
07:54 Ziggurat
07:55 Ziggurat
08:17 Halls of the Dead
08:43 Ziggurat
08:45 Spirit Tower
08:48 Nerubian Tower
09:08 Spirit Tower
09:24 Necropolis
09:41 Spirit Tower
09:41 Spirit Tower
09:58 Tomb of Relics
10:09 Ziggurat
11:11 Spirit Tower
11:46 Spirit Tower
12:30 Ziggurat
12:33 Ziggurat
12:45 Black Citadel
12:50 Ziggurat
13:29 Spirit Tower
13:43 Ziggurat
14:14 Sacrificial Pit
14:31 Spirit Tower
15:34 Ziggurat
16:59 Spirit Tower
17:29 Spirit Tower
18:18 Boneyard
18:34 Ziggurat
19:12 Ziggurat
19:26 Spirit Tower
19:44 Ziggurat
19:49 Ziggurat
20:05 Spirit Tower
20:08 Ziggurat
20:15 Ziggurat
» items
| Rod of Necromancy | 2 | |
| Sacrificial Skull | 1 | |
| Dust of Appearance | 1 | |
| Scroll of Speed | 3 | |
| Scroll of Town Portal | 1 | |
| Orb of Corruption | 1 | |
9 total
JaguaR- (
pink | 75 APM | 1522 actions | 20:18)
2 Archmage
1 Summon Water Elemental
1 Brilliance Aura
1 Mountain King
1 Storm Bolt
» actions
| Assign group hotkey | 47 | |
| Basic commands | 91 | |
| Build / train | 61 | |
| ESC pressed | 3 | |
| Enter build submenu | 23 | |
| Enter hero's abilities submenu | 3 | |
| Give item / drop item | 2 | |
| Right click | 502 | |
| Select / deselect | 228 | |
| Select group hotkey | 500 | |
| Use ability | 62 | |
1522 total
» units
| Peasant | 8 | |
| Footman | 9 | |
| Sorceress | 7 | |
| Priest | 3 | |
| Spell Breaker | 4 | |
31 total
» upgrades
| Sorceress Training | 1 | |
| Priest Training | 1 | |
| Swords | 1 | |
| Plating | 1 | |
4 total
» buildings
| Altar of Kings | 1 | |
| Farm | 12 | |
| Barracks | 1 | |
| Lumber Mill | 1 | |
| Arcane Vault | 2 | |
| Scout Tower | 13 | |
| Keep | 4 | |
| Arcane Tower | 2 | |
| Arcane Sanctum | 2 | |
| Guard Tower | 10 | |
| Blacksmith | 1 | |
| Town Hall | 1 | |
50 total
» build order
00:10 Altar of Kings
00:13 Farm
00:40 Barracks
01:06 Farm
01:15 Lumber Mill
02:58 Arcane Vault
03:24 Scout Tower
03:43 Keep
03:43 Keep
03:52 Arcane Tower
04:25 Farm
04:26 Farm
04:27 Farm
05:18 Scout Tower
05:19 Scout Tower
05:20 Scout Tower
05:21 Scout Tower
05:22 Scout Tower
05:28 Farm
05:29 Farm
05:30 Farm
05:31 Farm
06:20 Arcane Sanctum
07:03 Guard Tower
07:05 Guard Tower
08:02 Arcane Sanctum
09:22 Blacksmith
11:18 Scout Tower
11:19 Scout Tower
11:50 Scout Tower
11:50 Scout Tower
11:52 Scout Tower
11:55 Scout Tower
11:59 Scout Tower
13:05 Town Hall
15:16 Farm
15:17 Farm
15:19 Farm
15:24 Guard Tower
15:24 Guard Tower
15:54 Guard Tower
15:54 Guard Tower
15:58 Guard Tower
15:58 Guard Tower
15:59 Guard Tower
15:59 Guard Tower
19:48 Arcane Vault
19:59 Keep
19:59 Keep
» items
Vegeta- (
green | 164 APM | 3459 actions | 21:03)
3 Blademaster
1 Wind Walk
2 Critical Strike
3 Shadow Hunter
1 Hex
2 Healing Wave
1 Tauren Chieftain
1 Endurance Aura
» actions
| Assign group hotkey | 23 | |
| Basic commands | 285 | |
| Build / train | 47 | |
| ESC pressed | 13 | |
| Enter build submenu | 23 | |
| Enter hero's abilities submenu | 7 | |
| Give item / drop item | 1 | |
| Right click | 932 | |
| Select / deselect | 515 | |
| Select group hotkey | 1497 | |
| Use ability | 116 | |
3459 total
» units
» buildings
| Altar of Storms | 1 | |
| Orc Burrow | 4 | |
| Voodoo Lounge | 3 | |
| War Mill | 1 | |
| Stronghold | 3 | |
| Watch Tower | 1 | |
| Beastiary | 2 | |
| Fortress | 3 | |
| Great Hall | 3 | |
21 total
» build order
00:09 Altar of Storms
00:19 Orc Burrow
00:37 Voodoo Lounge
01:55 War Mill
02:20 Stronghold
02:20 Stronghold
02:20 Stronghold
02:43 Orc Burrow
03:10 Watch Tower
04:45 Beastiary
04:47 Beastiary
05:06 Orc Burrow
05:39 Voodoo Lounge
06:20 Voodoo Lounge
07:11 Orc Burrow
07:20 Fortress
07:20 Fortress
07:21 Fortress
11:39 Great Hall
13:16 Great Hall
16:44 Great Hall
» items
| Healing Salve | 3 | |
| Lesser Clarity Potion | 5 | |
| Scroll of Speed | 3 | |
11 total
Chat log
(00:10 / All) Kbilly: glhf
(00:13 / All) Vegeta-: glhf
(00:14 / Allies) monkeykiller: hey guyys
(00:15 / All) ThugMasTeR: stfu gook
(00:32 / All) ThugMasTeR: hes a fuckn cunt
(00:46 / All) Kbilly: That is what cunts are for.
(00:53 / All) ThugMasTeR: gl hf up ur ass bitch
(01:00 / All) Spring_Water: damn
(01:06 / All) ThugMasTeR: hate that gook fuck
(01:12 / Allies) monkeykiller: purple can i get that one???
(01:13 / All) Kbilly: Now Red, how do you really feel?
(01:18 / All) ThugMasTeR: closet hacker
(01:19 / Allies) Spring_Water: see what I can do
(01:27 / Allies) monkeykiller: what??
(01:36 / All) ThugMasTeR: keep ur gl hf to yaself bitch
(01:39 / All) ThugMasTeR: thats my point
(01:43 / All) Spring_Water: glhf
(01:45 / All) Kbilly: Glhf red.
(01:58 / All) ThugMasTeR: if u was all about fun" then why hack????
(02:03 / All) Kbilly: Such a good player red.
(02:06 / All) Kbilly: always a pleasure.
(02:07 / All) Spring_Water: make u cry
(02:10 / All) Spring_Water: like a child
(02:10 / All) ThugMasTeR: 1v1 anytime noob
(02:14 / All) monkeykiller: i love wc drama
(02:17 / All) Vegeta-: same
(02:25 / All) Spring_Water: watch out for red he is a badass
(02:26 / All) ThugMasTeR: i beat unholydreadlord last week in a 1v1 with his ud
(02:30 / All) Spring_Water: wow
(02:32 / All) ThugMasTeR: 4s players with mh
(02:35 / All) ThugMasTeR: pftttt....
(03:46 / Allies) WHY-BIZZ-WHY: pink here
(04:29 / Allies) Kbilly: jack red
(05:02 / All) ThugMasTeR: mh hard
(05:05 / Allies) monkeykiller: go purple
(05:06 / Allies) monkeykiller: go now
(05:06 / Allies) monkeykiller: go gog
(05:07 / Allies) monkeykiller: go
(05:07 / Allies) monkeykiller: plz
(05:09 / Allies) monkeykiller: trust me
(05:16 / Allies) monkeykiller: he had only peons
(05:16 / Allies) Spring_Water: you are hacking
(05:22 / Allies) monkeykiller: dude i just got killed there
(05:47 / Allies) monkeykiller: shit too late
(05:47 / Allies) Spring_Water: yeah trust you
(05:54 / Allies) monkeykiller: come bro
(05:56 / Allies) monkeykiller: lets clear expo
(05:59 / All) ThugMasTeR: 2 hackers
(06:02 / All) ThugMasTeR: gj noobs
(06:14 / All) WHY-BIZZ-WHY: i wasnt hacking but he did say u were expoing. not sure if he saw u
(06:17 / All) ThugMasTeR: red circles all over this replay
(06:25 / All) ThugMasTeR: proof is in rep
(06:39 / All) ThugMasTeR: for all those that think they dont mh, watch rep
(06:48 / Allies) monkeykiller: thx
(07:15 / Allies) monkeykiller: go expo purp
(08:19 / Allies) Kbilly: gj teal
(09:00 / Allies) monkeykiller: mana for u
(09:02 / Allies) monkeykiller: purple
(09:41 / Allies) monkeykiller: gold guys plz
(09:43 / Allies) monkeykiller: ill own thmem
(10:24 / Allies) WHY-BIZZ-WHY: HIT
(10:25 / Allies) WHY-BIZZ-WHY: SO I CAN BAT
(10:26 / Allies) WHY-BIZZ-WHY: GOGO
(10:30 / Allies) Kbilly: I did
(10:32 / Allies) monkeykiller: ill ht man
(10:33 / Allies) Kbilly: but go again soon
(10:34 / Allies) WHY-BIZZ-WHY: AGAIN
(10:35 / Allies) WHY-BIZZ-WHY: GO
(10:41 / Allies) WHY-BIZZ-WHY: dont care if u tp away get them tot p
(11:23 / Allies) Kbilly: nj teal
(12:10 / Allies) WHY-BIZZ-WHY: get
(12:11 / Allies) WHY-BIZZ-WHY: towers
(12:45 / Allies) WHY-BIZZ-WHY: fuck
(12:46 / Allies) WHY-BIZZ-WHY: keep at it
(12:47 / Allies) WHY-BIZZ-WHY: stay
(13:06 / All) WHY-BIZZ-WHY: GG
(13:11 / Allies) monkeykiller: we win
(14:09 / Allies) monkeykiller: go teal
(15:58 / Allies) Kbilly: teal, you may have the top mine
(16:53 / Allies) WHY-BIZZ-WHY: dont hit pink
(17:52 / Allies) monkeykiller: guys
(17:54 / Allies) monkeykiller: helppp
(18:02 / Allies) WHY-BIZZ-WHY: it should be 3v2
(18:19 / Allies) Spring_Water: wood
(18:20 / Allies) Spring_Water: bad
(18:32 / Allies) Spring_Water: ty
(18:48 / Allies) monkeykiller: goooo
(18:56 / All) WHY-BIZZ-WHY: yellow is carrying u guys
(19:54 / All) Vegeta-: mass raider and bats
(19:55 / All) Vegeta-: hmm
(20:23 / All) WHY-BIZZ-WHY: out thugmaster
(20:24 / All) WHY-BIZZ-WHY: u nub
(20:31 / All) WHY-BIZZ-WHY: and u nub hacker
(20:36 / All) ThugMasTeR: whatever hacker
(20:42 / All) ThugMasTeR: smurf again noob
(20:45 / All) WHY-BIZZ-WHY: y got pawned son
(20:50 / All) ThugMasTeR: nice icons!
(20:52 / All) ThugMasTeR: lmfao
(20:57 / All) WHY-BIZZ-WHY: kodo #1 biatch
(20:57 / All) ThugMasTeR: fuckn trash hack
(21:05 / All) wombat: gg
(21:07 / All) ThugMasTeR: whatever hacker
(21:09 / All) ThugMasTeR: ur shit
(21:10 / All) WHY-BIZZ-WHY: so scared of bats lawl
(21:13 / All) WHY-BIZZ-WHY: 1v1?
(21:17 / All) ThugMasTeR: 1v1 on arena bithc anytime
(21:23 / All) WHY-BIZZ-WHY: i trained the best players on useast how to play
(21:25 / All) WHY-BIZZ-WHY: im oldschool
(21:26 / All) ThugMasTeR: come hacker
(21:28 / All) ThugMasTeR: ur shit
(21:35 / All) ThugMasTeR: grubby fuckn raped u kid
(21:37 / All) WHY-BIZZ-WHY: i havent played in 2 years and sitll panwed u
(21:38 / All) Spring_Water: u suck red
(21:39 / All) ThugMasTeR: tower ruah ud
(21:40 / All) Spring_Water: go home
(21:41 / All) Spring_Water: noob
(21:41 / All) ThugMasTeR: lmfao
(21:45 / All) ThugMasTeR: trash kodos
(21:47 / All) ThugMasTeR: all hack
(21:49 / All) ThugMasTeR: no skill
(21:52 / All) WHY-BIZZ-WHY: rofl
(21:58 / All) ThugMasTeR: bitch has a fake ass boosted acct on arena
(22:00 / All) monkeykiller: red
(22:01 / All) WHY-BIZZ-WHY: gonna save this replay, the "rape of thugmaster"
(22:02 / All) monkeykiller: u suck
(22:03 / All) WHY-BIZZ-WHY: the hacker
(22:05 / All) ThugMasTeR: ill fuck u up kiddo
(22:07 / All) ThugMasTeR: 1v1
(22:10 / All) Spring_Water: u are a loser red
(22:11 / All) ThugMasTeR: ez win on arena
(22:12 / All) WHY-BIZZ-WHY: dude our worst player on this team is better than you red
(22:16 / All) Spring_Water: so what if you suck at a old game
(22:18 / All) Spring_Water: u suck at life
(22:20 / All) ThugMasTeR: kodos mad
(22:27 / All) ThugMasTeR: smurfs and hacks
(22:30 / All) ThugMasTeR: cant solo
(22:31 / All) WHY-BIZZ-WHY: i feel kinda bad u really do suckk
(22:37 / Allies) monkeykiller: wood plz
(22:41 / All) ThugMasTeR: sure gook
(22:46 / All) Spring_Water: what are you doing playing s4s then
(22:46 / All) WHY-BIZZ-WHY: theres nothing wrong with sucking but you talk shit nonstop
(22:48 / All) WHY-BIZZ-WHY: so it feels good
(22:50 / All) ThugMasTeR: smurf more gook
(22:59 / All) ThugMasTeR: grow a dick gook
(23:05 / All) WHY-BIZZ-WHY: we didnt even play good this game and still owned u
(23:05 / All) Spring_Water: leave bitch
(23:12 / All) Spring_Water: owned bad
(23:13 / All) ThugMasTeR: u have all mhers
(23:18 / Allies) monkeykiller: we played awesoe down my end
(23:20 / All) Kbilly: I do not hack red
(23:22 / All) Kbilly: give it up
(23:24 / All) ThugMasTeR: lmfao
(23:31 / All) ThugMasTeR: blue u dumb gook
(23:35 / All) ThugMasTeR: we all know u hack
(23:39 / All) ThugMasTeR: its in rep
(23:41 / All) monkeykiller: lol red
(23:42 / All) WHY-BIZZ-WHY: should i copy paste other chats of me owning u
(23:42 / All) WHY-BIZZ-WHY: hacker
(23:48 / All) Spring_Water: red is a sour puss
(23:55 / All) WHY-BIZZ-WHY: i have years worth of replays of ur chatlog
(23:58 / All) ThugMasTeR: kodos u never beat me once in 1v1
(24:04 / All) ThugMasTeR: u know wjhy bitch
(24:08 / All) ThugMasTeR: cause im better
(24:11 / All) Spring_Water: mad hacks bro
(24:13 / All) ThugMasTeR: fact
(24:16 / All) Spring_Water: u ar enot better
(24:18 / All) ThugMasTeR: he dodges me now
(24:18 / All) Spring_Water: u suck dick
(24:20 / All) WHY-BIZZ-WHY: i didnt even touch my bm this game after 5 min lawl
(24:23 / All) ThugMasTeR: he dodged me then
(24:29 / All) Spring_Water: still suck red
(24:33 / All) ThugMasTeR: kid knows ill fuck his gook ass up in 1v1
(24:46 / All) Spring_Water: u are so badass
(25:03 / All) Spring_Water: oh wait no you are not
(25:06 / All) Spring_Water: u still suck
(25:14 / All) WHY-BIZZ-WHY: this replay will be called "the rape of the hacker thugmaster"
(25:20 / All) Spring_Water: I like it
(25:33 / All) WHY-BIZZ-WHY: aka the hacker who paid 50 bux for that maphack lawl
(25:37 / All) ThugMasTeR: dont worry hackers
(25:42 / All) ThugMasTeR: bans will be coming
(25:42 / All) monkeykiller: red stfu already
(25:49 / All) ThugMasTeR: better read blizzard forums
(25:51 / All) monkeykiller: i have no idea what u are saying but sftu
(25:56 / All) ThugMasTeR: stock up on cd keys
(25:57 / All) Spring_Water: lol
(25:57 / All) monkeykiller: dude
(25:58 / All) ThugMasTeR: pussies
(25:59 / All) Spring_Water: u suck red
(26:09 / All) Spring_Water: u ever think you might be the pussy?
(26:12 / All) Spring_Water: the loser?
(26:18 / All) Kbilly: sry was afk
(26:18 / All) ThugMasTeR: 1v1
(26:21 / All) Kbilly: is red still a bitch?
(26:22 / All) ThugMasTeR: who wants some
(26:26 / All) ThugMasTeR: ill solo any1 here
(26:28 / All) Spring_Water: u still suck at life
(26:29 / All) ThugMasTeR: mh or not
(26:32 / All) ThugMasTeR: echo isl
(26:34 / All) WHY-BIZZ-WHY: meet in clan s4s
(26:35 / All) WHY-BIZZ-WHY: nub
(26:35 / All) ThugMasTeR: host it
(26:40 / All) WHY-BIZZ-WHY: ill get my friend toh ost
(26:44 / All) WHY-BIZZ-WHY: clhannel clan s4s
(26:52 / All) ThugMasTeR: yea, thats what i thought cunts
(26:57 / All) ThugMasTeR: no match for me